 Dungeon Crawl Stone Soup version 0.31.0-11-ge490571c62 (webtiles) character file.

Game seed: 14104626944259340115

280 Gadfly the Ruffian (level 6, -7/46 HPs)
             Began as a Demonspawn Shapeshifter on Jan 27, 2024.
             Mangled by a gnoll
             ... wielding a +0 flail
              (8 damage)
             ... on level 4 of the Dungeon.
             The game lasted 00:06:06 (3229 turns).

Gadfly the Ruffian (Demonspawn Shapeshifter)        Turns: 3229, Time: 00:06:06

Health: -7/46      AC:  4    Str: 17    XL:     6   Next: 5%
Magic:  6/6        EV: 12    Int: 10    God:
Gold:   147        SH:  0    Dex: 12    Spells: 3/5 levels left

rFire   . . .        b - +4 mace (venom)
rCold   . . .        (no shield)
rNeg    . . .        a - +0 animal skin
rPois   .            (helmet currently unavailable)
rElec   .            (cloak currently unavailable)
rCorr   .            (gloves currently unavailable)
SInv    .            (boots currently unavailable)
Will    .....        (no amulet)
Stlth   +            (no ring)
HPRegen 0.27/turn    (no ring)
MPRegen 0.10/turn

%: no passive effects
@: brilliant, beast-form
A: beast (slay +1), antennae 1, molten scales 1, foul stench 2
a: Begin Untransformation


You were on level 4 of the Dungeon.
You were a hulking beast.
You visited 1 branch of the dungeon, and saw 4 of its levels.

You collected 147 gold pieces.

Inventory:

Hand Weapons
 b - a +4 mace of venom (weapon)
 h - a +2 whip of freezing
Armour
 a - a +0 animal skin (worn)
Talismans
 c - a beast talisman
 d - a flux talisman
Wands
 m - a wand of polymorph (7) (quivered)
Scrolls
 i - 3 scrolls of teleportation
 l - a scroll of blinking
Potions
 e - a potion of lignification
 f - a potion of haste
 j - a potion of resistance
 k - a potion of might {unknown}


   Skills:
 * Level 2.5 Fighting
 + Level 3.2 Dodging
 * Level 3.4 Unarmed Combat
 * Level 2.9 Evocations
 * Level 3.2 Shapeshifting


You had 3 spell levels left.
You knew the following spells:

 Your Spells              Type           Power      Damage    Failure   Level
a - Blink                 Tloc           0%         N/A       50%         2

Your spell library contained the following spells:

 Spells                   Type           Power      Damage    Failure   Level
 Lesser Beckoning         Tloc           0%         N/A       50%         2
 Momentum Strike          Conj/Tloc      0%         3d8       50%         2


Dungeon Overview and Level Annotations

Branches:
Dungeon (4/15)
 Temple: D:4-7

Altars:

Shops:
D:2 [


Innate Abilities, Weirdness & Mutations

You are a hulking beast.
Your limbs bulge with bestial killing power. (Slay +1)
You have a pair of small antennae on your head.
You are partially covered in molten scales. (AC +2)
You sometimes emit foul miasma when damaged in melee.


Message History

A gnoll comes into view.
It is wielding a +0 whip. 2 gnolls and an endoplasm come into view.
The gnoll shouts! x2
The gnoll hits you with a +0 flail!
The gnoll shouts!
The endoplasm quivers.
You sock the gnoll!
The gnoll is heavily wounded.
The gnoll hits you with a +0 flail.
You emit a cloud of foul miasma!
You sock the gnoll!
You kill the gnoll!
The iguana closely misses you.
You hit the iguana.
The iguana is moderately wounded.
The iguana bites you!
You barely miss the iguana.
The iguana is moderately wounded.
The endoplasm hits you.
You emit a cloud of foul miasma!
The iguana misses you. The gnoll closely misses you.
You barely miss the iguana.
The iguana is moderately wounded.
The endoplasm is engulfed in dark miasma.
You kill the endoplasm!
The gnoll misses you.
The gnoll hits you from afar with a +0 spear.
The iguana bites you but does no damage.
The iguana misses you. The gnoll misses you.
The gnoll hits you from afar with a +0 spear!
The gnoll barely misses you. The iguana attacks as it pursues you!
The iguana misses you. The gnoll attacks as it pursues you!
The gnoll hits you with a +0 flail.
* * * LOW HITPOINT WARNING * * *
The iguana attacks as it pursues you! The iguana misses you.
The gnoll attacks as it pursues you! The gnoll completely misses you.
The iguana attacks as it pursues you! The iguana bites you!
* * * LOW HITPOINT WARNING * * *
It was a potion of brilliance.
You feel clever all of a sudden. The gnoll hits you with a +0 flail!
You die...

##.# #.### #...##
#....### #.....(##
#.......###
#####.........##
###...............
.......h........#
.####.)gl.g.....##
#.....g......#
#......).....#
#.....☼.......
#.............
#.............
#.............
##............


You could see an iguana and 3 gnolls.

Vanquished Creatures
  An ogre (D:3)
  An orc priest (D:3)
  A jelly (D:4)
  Robin (D:2)
  A gnoll (D:4)
  2 adders
  A dart slug (D:1)
  A ribbon worm (D:2)
  6 orcs (D:3)
  4 bats
  8 endoplasms
  3 giant cockroaches
  12 goblins
  10 hobgoblins
  4 jackals (D:3)
  4 quokkas
  4 ball pythons
  6 frilled lizards
  8 kobolds
  9 rats
87 creatures vanquished.

Notes
Turn   | Place    | Note
-------+----------+-------------------------------------------
     0 | D:1      | Gadfly the Demonspawn Shapeshifter began the quest for the
                  | Orb.
     0 | D:1      | Reached XP level 1. HP: 15/15 MP: 1/1
   141 | D:1      | Gained mutation: You are partially covered in molten
                  | scales. (AC +2) [demonic ancestry]
   141 | D:1      | Reached XP level 2. HP: 21/21 MP: 2/2
   209 | D:1      | Reached skill level 1 in Evocations
   651 | D:2      | Gained mutation: You have a pair of small antennae on your
                  | head. [demonic ancestry]
   651 | D:2      | Reached XP level 3. HP: 26/26 MP: 3/3
   670 | D:2      | Noticed Robin
   699 | D:2      | Killed Robin
  1302 | D:2      | Found Hainun's Armour Shop.
  1302 | D:2      | Noticed an animated pearl dragon scales
  1303 | D:2      | Noticed an animated pearl dragon scales
  1338 | D:2      | Gained mutation: You may rarely emit foul miasma when
                  | damaged in melee. [demonic ancestry]
  1338 | D:2      | Reached XP level 4. HP: 33/33 MP: 4/4
  1983 | D:3      | Noticed an ogre
  1987 | D:3      | Killed an ogre
  1988 | D:3      | Gained mutation: You sometimes emit foul miasma when
                  | damaged in melee. [demonic ancestry]
  1988 | D:3      | Reached XP level 5. HP: 38/38 MP: 5/5
  2427 | D:3      | Found a faded altar of an unknown god.
  2629 | D:2      | Learned a level 2 spell: Blink
  3183 | D:4      | Reached XP level 6. HP: 37/46 MP: 6/6
  3228 | D:4      | HP: 1/46 [iguana (9)]
  3229 | D:4      | Mangled by a gnoll

Illustrated notes

Levels and vault maps discovered:
D:1:      minmay_arrival_up_and_down, layout_basic, serial_bayou_pond_d,
          minmay_unequal
D:2:      layout_basic, serial_shops, nicolae_shop_mannequins,
          serial_bayou_pond_a, uniq_robin
D:3:      layout_basic, shapermc_ecumenical_altar_ellora
D:4:      layout_cave_pods, minmay_temple_entry_trees, serial_shops, shop,
          gammafunk_ghost_cemetery

Skill      XL: |  1  2  3  4 |
---------------+-------------+-----
Dodging        | 2 3 |  3.2
Evocations     | 1 2 |  2.9
Unarmed Combat | 3 |  3.4
Fighting       | 2 |  2.5
Shapeshifting  | 3 |  3.2

Action                     |  1- 3 |  4- 6 || total
---------------------------+-------+-------++-------
  Melee: Unarmed           |    13 |       ||    13
         Dagger            |    92 |       ||    92
         Punch             |     1 |       ||     1
         Mace              |    20 |    70 ||    90
    Use: Scroll            |     4 |     3 ||     7
         Potion            |       |     2 ||     2
   Stab: Sleeping          |     1 |     1 ||     2
 Armour: Animal skin       |    82 |    51 ||   133
  Dodge: Dodged            |    96 |    65 ||   161
